[Event "Titled Tuesday Blitz June 6 Early 2023"]
[White "Grigorjev, Iljya"]
[Black "Sadykov, Ramil"]
[WhiteFideId "24159565"]
[BlackFideId "24113590"]
[WhiteElo "2323"]
[BlackElo "2245"]
[Result "1-0"]
[Round "5"]
[TimeControl "180+2"]
[Date "2023.06.06"]
[WhiteClock "0:00:07"]
[BlackClock "0:00:03"]
[Board "29"]

1. d4 d5 2. c4 e6 3. Nf3 Nf6 4. g3 Bb4+ 5. Bd2 Be7 6. Bg2 O-O 7. O-O c6 8. Qc2 Nbd7 9. Rd1 b6 10. Bf4 a5 11. cxd5 cxd5 12. Ne5 Nxe5 13. dxe5 Nd7 14. e4 d4 15. Rxd4 Bc5 16. Rd1 Qe7 17. Nc3 g5 18. Bc1 Nxe5 19. Na4 h6 20. Nxc5 Qxc5 21. Qxc5 bxc5 22. f4 gxf4 23. Bxf4 f6 24. Bxh6 Re8 25. Rac1 c4 26. Rf1 Kf7 27. Bf4 Kg6 28. Bxe5 fxe5 29. Rfd1 Rb8 30. Rd2 Ba6 31. Bf1 Rb4 32. a3 Rb3 33. Bxc4 Bxc4 34. Rxc4 Rf8 35. Rc5 Rfb8 36. Rxe5 Rxb2 37. Rxb2 Rxb2 38. Rxa5 Kf6 39. Rc5 Rd2 40. a4 Ra2 41. a5 e5 42. Rc6+ Kg5 43. a6 Kg4 44. Rf6 Kh3 45. Kf1 Kxh2 46. Rf2+ Rxf2+ 47. Kxf2 Kh3 48. a7 1-0


[Site "https://www.chess.com"]

[Event "Titled Tuesday Blitz June 6 Early 2023"]
[White "Galchenko, Matvey"]
[Black "Domingo Nunez, Alejandro"]
[WhiteFideId "24175480"]
[BlackFideId "22245561"]
[WhiteElo "2423"]
[BlackElo "2291"]
[Result "1-0"]
[Round "5"]
[TimeControl "180+2"]
[Date "2023.06.06"]
[WhiteClock "0:00:06"]
[BlackClock "0:00:04"]
[Board "30"]

1. f4 Nh6 2. Nh3 g6 3. g3 Bg7 4. Bg2 O-O 5. O-O d5 6. d3 d4 7. c3 c5 8. e4 dxe3 9. Bxe3 Qc7 10. Kh1 Rd8 11. Qe2 Bg4 12. Qe1 Rxd3 13. Nf2 Rd8 14. Nxg4 Nxg4 15. Bg1 Na6 16. Nd2 Rd7 17. Nc4 Rad8 18. Qe2 h5 19. f5 b5 20. fxg6 bxc4 21. Qxc4 Qb6 22. Rxf7 e6 23. Rxd7 Rxd7 24. Re1 Rd6 25. b4 Ne5 26. Rxe5 Bxe5 27. bxc5 Qc7 28. Qe2 Rc6 29. Qe4 Rxc5 30. Bxc5 Nxc5 31. Qf3 Bg7 32. Qxh5 Nd7 33. Qg4 Nf8 34. c4 Qd6 35. h4 Be5 36. Kh2 Qd4 37. Qg5 Bf6 38. Qh5 Qd3 39. Qg4 Qxg6 40. Qxg6+ Nxg6 41. Be4 Ne5 42. c5 Be7 43. c6 Bd6 44. Kg2 Kg7 45. Kh3 Kf6 46. g4 Nc4 47. g5+ Kg7 48. h5 Ne5 49. h6+ Kh8 50. g6 Kg8 51. Kh4 Nxg6+ 52. Bxg6 Kh8 53. Kg4 Be5 54. Kg5 Bd6 55. Kf6 Kg8 56. Kxe6 Bf4 57. Kd7 Kh8 58. c7 Bxc7 59. Kxc7 1-0


[Site "https://www.chess.com"]

[Event "Titled Tuesday Blitz June 6 Early 2023"]
[White "Rustemov, Alexander"]
[Black "Manukyan, Sargis V."]
[WhiteFideId "4119002"]
[BlackFideId "13303465"]
[WhiteElo "2875"]
[BlackElo "2236"]
[Result "1-0"]
[Round "5"]
[TimeControl "180+2"]
[Date "2023.06.06"]
[WhiteClock "0:00:07"]
[BlackClock "0:00:08"]
[Board "31"]

1. d4 Nf6 2. c4 c5 3. d5 e6 4. Nc3 exd5 5. cxd5 Bd6 6. e4 O-O 7. Nf3 Re8 8. Bg5 h6 9. Bxf6 Qxf6 10. Bd3 Bc7 11. O-O d6 12. h3 a6 13. a4 Nd7 14. Nd2 Rb8 15. a5 Ne5 16. Be2 Ng6 17. Nc4 Bd7 18. Re1 Nf4 19. Bf1 Qg5 20. Kh2 Bb5 21. Qf3 Bxc4 22. Bxc4 Ng6 23. Bf1 Ne5 24. Qe3 Qd8 25. f4 Ng6 26. Qf3 Bxa5 27. g3 Bxc3 28. Qxc3 Qb6 29. Bg2 Rbc8 30. e5 dxe5 31. fxe5 Qb4 32. e6 Qxc3 33. bxc3 fxe6 34. dxe6 Rc7 35. Reb1 Ree7 36. Rb6 Ne5 37. Rab1 Nc6 38. Re1 g5 39. Bd5 Kg7 40. Kg2 Nd8 41. c4 Nc6 42. Reb1 Nb4 43. Kf3 Kf6 44. Ke4 Kg7 45. Ke5 Nc6+ 46. Kd6 Nd4 47. Rxb7 Rxb7 48. Rxb7 Rxb7 49. Bxb7 Kf6 50. Bxa6 Nf5+ 51. Kxc5 Ne7 52. Kd6 Nf5+ 53. Kd7 Ne7 54. c5 h5 55. Be2 Nd5 56. c6 Ne7 57. c7 Ng6 58. c8=Q Ne5+ 59. Kd6 g4 60. Qh8+ Kg5 61. Qxe5+ Kh6 62. Qf6+ Kh7 63. Bd3+ Kg8 64. Qf7+ Kh8 65. Qh7# 1-0


[Site "https://www.chess.com"]

[Event "Titled Tuesday Blitz June 6 Early 2023"]
[White "Svane, Frederik"]
[Black "Vlassov, Nikolai"]
[WhiteFideId "12923044"]
[BlackFideId "4103360"]
[WhiteElo "2502"]
[BlackElo "2324"]
[Result "1-0"]
[Round "5"]
[TimeControl "180+2"]
[Date "2023.06.06"]
[WhiteClock "0:00:03"]
[BlackClock "0:00:02"]
[Board "32"]

1. e4 Nc6 2. Nf3 d5 3. exd5 Qxd5 4. Nc3 Qa5 5. d4 Bg4 6. Bb5 O-O-O 7. Bxc6 bxc6 8. h3 Qh5 9. Qe2 Bxf3 10. gxf3 e6 11. Bf4 Bb4 12. Rg1 Qxh3 13. Qa6+ Kd7 14. Qxa7 Bxc3+ 15. bxc3 Qxf3 16. Bxc7 Qxc3+ 17. Ke2 Qxc2+ 18. Ke3 Qc3+ 19. Ke2 Qc2+ 20. Kf3 Qd3+ 21. Kf4 Qd2+ 22. Kg3 Qd3+ 23. Kh2 Ne7 24. Bxd8+ Kxd8 25. Rab1 Nc8 26. Qxf7 Qf5 27. Qxf5 exf5 28. Rxg7 Re8 29. Kg2 1-0


[Site "https://www.chess.com"]

[Event "Titled Tuesday Blitz June 6 Early 2023"]
[White "Darini, Pouria"]
[Black "Pranav Anand"]
[WhiteFideId "12502200"]
[BlackFideId "46626786"]
[WhiteElo "2482"]
[BlackElo "2389"]
[Result "1-0"]
[Round "5"]
[TimeControl "180+2"]
[Date "2023.06.06"]
[WhiteClock "0:01:50"]
[BlackClock "0:01:57"]
[Board "33"]

1. e4 c5 2. Nf3 Nc6 3. Bb5 g6 4. O-O Qb6 5. Nc3 e6 6. Bxc6 bxc6 7. b3 Bg7 8. Bb2 Qc7 9. Nb5 cxb5 10. Bxg7 f6 11. Bxh8 Kf7 12. e5 Bb7 13. Bxf6 Nxf6 14. exf6 Kxf6 15. d4 c4 16. Qe2 d6 17. Rfe1 Re8 18. bxc4 bxc4 19. Qe3 Kg7 20. Rab1 Bd5 21. Ng5 h6 22. Ne4 Qc6 23. f3 Qd7 24. Nc3 Ba8 25. d5 e5 26. Rb4 Rc8 27. Reb1 Qf5 28. Qe4 Qf8 29. Rxc4 1-0


[Site "https://www.chess.com"]

[Event "Titled Tuesday Blitz June 6 Early 2023"]
[White "Mitrabha, Guha"]
[Black "Lee, Qing Aun"]
[WhiteFideId "5057000"]
[BlackFideId "5804167"]
[WhiteElo "2507"]
[BlackElo "2179"]
[Result "1-0"]
[Round "5"]
[TimeControl "180+2"]
[Date "2023.06.06"]
[WhiteClock "0:00:06"]
[BlackClock "0:00:02"]
[Board "34"]

1. d4 e6 2. Nc3 d5 3. Bf4 Nf6 4. e3 Bb4 5. Ne2 O-O 6. a3 Bd6 7. g3 c5 8. Bg2 Nc6 9. Bxd6 Qxd6 10. O-O b6 11. e4 cxd4 12. exd5 dxc3 13. dxc6 Qxd1 14. Raxd1 Ba6 15. Nxc3 Bxf1 16. Kxf1 Rac8 17. b4 a6 18. Na4 b5 19. Nb6 Rc7 20. c4 bxc4 21. Nxc4 Nd5 22. Bxd5 exd5 23. Na5 Rd8 24. Ke2 f6 25. Kd3 Kf7 26. Kd4 Rb8 27. Re1 Rb5 28. Rb1 Re7 29. f3 Ke6 30. a4 Rb8 31. b5 axb5 32. axb5 Ra7 33. Nb7 Raxb7 34. cxb7 Kd6 35. Rc1 Rxb7 36. Rc5 Ra7 37. Rxd5+ Ke6 38. Rd8 Rc7 39. Rh8 h6 40. b6 Rd7+ 41. Kc5 Rd5+ 42. Kc6 Rd1 43. b7 Rc1+ 44. Kb6 Rb1+ 45. Kc7 Rc1+ 46. Kb8 Kd5 47. Rc8 Ra1 48. Rc2 Kd6 49. Kc8 1-0


[Site "https://www.chess.com"]

[Event "Titled Tuesday Blitz June 6 Early 2023"]
[White "Agibileg, Uurtsaikh"]
[Black "Fridman, Daniel"]
[WhiteFideId "4901606"]
[BlackFideId "11600454"]
[WhiteElo "2353"]
[BlackElo "2538"]
[Result "0-1"]
[Round "5"]
[TimeControl "180+2"]
[Date "2023.06.06"]
[WhiteClock "0:00:04"]
[BlackClock "0:00:11"]
[Board "35"]

1. d4 d5 2. c4 e6 3. Nc3 Nf6 4. cxd5 exd5 5. Bg5 c6 6. e3 Bf5 7. Qf3 Bg6 8. Bxf6 Qxf6 9. Qxf6 gxf6 10. Nf3 Nd7 11. Nh4 Nb6 12. g3 Bb4 13. O-O-O Bxc3 14. bxc3 Na4 15. Kd2 b5 16. f4 Be4 17. Bg2 Nb2 18. Rde1 Nc4+ 19. Kc1 f5 20. Bxe4 fxe4 21. Kc2 Kd7 22. g4 Rag8 23. Rhg1 f6 24. Nf5 Ke6 25. Nh6 Rg7 26. h4 Nd6 27. Rg3 a5 28. Reg1 b4 29. f5+ Kd7 30. g5 Rf8 31. gxf6 Rxg3 32. Rxg3 Rxf6 33. Rg7+ Kc8 34. Rxh7 bxc3 35. Kxc3 Nc4 36. Ng8 Rd6 37. f6 Nb6 38. h5 Nd7 39. Rxd7 Rxd7 40. Ne7+ Kd8 41. Nxc6+ Ke8 42. Ne5 Rh7 43. f7+ Ke7 44. Kb3 Rxh5 45. Ka4 Rh3 46. Kxa5 Rxe3 47. Kb5 Rc3 48. a4 e3 49. Nf3 e2 50. Ne1 Rc1 51. Nf3 Rf1 52. f8=R Kxf8 0-1


[Site "https://www.chess.com"]

[Event "Titled Tuesday Blitz June 6 Early 2023"]
[White "demon64fields"]
[Black "Girya, Olga"]
[BlackFideId "4195752"]
[WhiteElo "2846"]
[BlackElo "2263"]
[Result "1-0"]
[Round "5"]
[TimeControl "180+2"]
[Date "2023.06.06"]
[WhiteClock "0:02:06"]
[BlackClock "0:00:01"]
[Board "36"]

1. Nf3 d5 2. g3 Nf6 3. Bg2 e6 4. O-O Be7 5. d3 O-O 6. Nbd2 Nc6 7. e4 dxe4 8. dxe4 e5 9. b3 Be6 10. Bb2 Nd7 11. Qe2 Bc5 12. c3 a5 13. Nc4 a4 14. b4 Ba7 15. a3 b5 16. Ne3 Bxe3 17. Qxe3 Nb6 18. Rad1 Qe7 19. Bc1 Bb3 20. Rde1 Nc4 21. Qe2 Rad8 22. Nh4 Nd6 23. Qg4 Bc4 24. Be3 Qe6 25. Nf5 Qg6 26. Qf3 Bxf1 27. Bxf1 Nxf5 28. exf5 Qf6 29. Bxb5 e4 30. Qxe4 Ne5 31. Bd4 Rxd4 32. cxd4 1-0


[Site "https://www.chess.com"]

[Event "Titled Tuesday Blitz June 6 Early 2023"]
[White "Aldokhin, Ivan"]
[Black "Dragnev, Valentin"]
[WhiteFideId "24115720"]
[BlackFideId "1634852"]
[WhiteElo "2322"]
[BlackElo "2487"]
[Result "0-1"]
[Round "5"]
[TimeControl "180+2"]
[Date "2023.06.06"]
[WhiteClock "0:00:02"]
[BlackClock "0:00:34"]
[Board "37"]

1. e4 c5 2. Nf3 e6 3. d4 cxd4 4. Nxd4 Nc6 5. Nc3 Qc7 6. Nxc6 bxc6 7. Bd3 d5 8. O-O Nf6 9. Qe2 Be7 10. f4 a5 11. f5 dxe4 12. Nxe4 Nxe4 13. Bxe4 exf5 14. Bxf5 Bxf5 15. Rxf5 O-O 16. Bf4 Qb6+ 17. Kh1 Qxb2 18. Be5 Qa3 19. Rf3 Qc5 20. Rc3 Qb5 21. Qe4 Rfe8 22. a4 Qd5 23. Qxd5 cxd5 24. Rd3 Red8 25. Rad1 f6 26. Bg3 Rdc8 27. Rxd5 Rxc2 28. Rd7 Bf8 29. h4 Rc4 30. Rb7 Rxa4 31. Rdd7 Rb4 32. Bd6 Rxb7 33. Rxb7 Bxd6 0-1


[Site "https://www.chess.com"]

[Event "Titled Tuesday Blitz June 6 Early 2023"]
[White "Beerdsen, Thomas"]
[Black "Sielecki, Christof"]
[WhiteFideId "1030108"]
[BlackFideId "4620437"]
[WhiteElo "2553"]
[BlackElo "2443"]
[Result "0-1"]
[Round "5"]
[TimeControl "180+2"]
[Date "2023.06.06"]
[WhiteClock "0:00:07"]
[BlackClock "0:00:17"]
[Board "38"]

1. e4 c5 2. Nf3 a6 3. b4 cxb4 4. a3 b5 5. axb4 Bb7 6. c4 Bxe4 7. Nc3 Bb7 8. cxb5 axb5 9. Rxa8 Bxa8 10. Nxb5 Nf6 11. Be2 e6 12. Qa4 Bxf3 13. Bxf3 Be7 14. O-O O-O 15. Bb2 Qb6 16. Ra1 Nc6 17. Bc3 Nd5 18. Bxd5 exd5 19. d3 h6 20. g3 Rb8 21. Na3 Bxb4 22. Bxb4 Qxb4 23. Qd1 Ra8 24. Nc2 Rxa1 25. Qxa1 Qd2 26. Ne3 Qxd3 27. Qa8+ Kh7 28. Qb7 Ne5 29. Nxd5 Nf3+ 30. Kg2 Nd2 31. Ne3 Qe4+ 32. Qxe4+ Nxe4 33. Kf3 Nf6 34. Kf4 g6 35. Ke5 Kg7 36. f3 h5 37. Kd6 Kf8 38. h4 Ke8 39. Nc4 Kd8 40. Ne5 Ne8+ 41. Kd5 Ke7 42. g4 Nf6+ 43. Kd4 Ke6 44. gxh5 Nxh5 45. Nd3 d6 46. Ke4 Ng3+ 47. Kf4 Nf5 48. Kg5 Nd4 49. Kg4 f5+ 50. Kf4 Kf6 51. Nb4 Ne6+ 52. Ke3 Ke5 53. Nc6+ Kf6 54. Nb4 Nc7 55. Kd4 g5 56. hxg5+ Kxg5 57. Ke3 Kf6 58. Kd4 Ke6 59. Ke3 Nd5+ 60. Nxd5 Kxd5 61. Kf4 Ke6 62. Ke3 Ke5 63. Ke2 Kf4 64. Kf2 d5 65. Ke1 Kxf3 0-1


[Site "https://www.chess.com"]

[Event "Titled Tuesday Blitz June 6 Early 2023"]
[White "Kvaloy, Aksel Bu"]
[Black "Yeletsky, Ivan"]
[WhiteFideId "1528815"]
[BlackFideId "24180327"]
[WhiteElo "2318"]
[BlackElo "2380"]
[Result "0-1"]
[Round "5"]
[TimeControl "180+2"]
[Date "2023.06.06"]
[WhiteClock "0:00:20"]
[BlackClock "0:00:58"]
[Board "39"]

1. e4 c5 2. Nf3 g6 3. c3 d5 4. e5 Nc6 5. Bb5 Qb6 6. Bxc6+ Qxc6 7. d4 Bg4 8. O-O Nh6 9. Nbd2 cxd4 10. cxd4 Rc8 11. h3 Bf5 12. b3 Bc2 13. Qe2 Qa6 14. Qxa6 bxa6 15. Ba3 Kd7 16. Rac1 Nf5 17. g4 Ng7 18. Bc5 Bd3 19. Rfd1 Ne6 20. Nf1 Be2 21. Kg2 Bxd1 22. Rxd1 Nxc5 23. dxc5 Rxc5 24. b4 Rb5 25. a4 Rxb4 26. Rxd5+ Ke8 27. Rc5 e6 28. Rc7 Bg7 29. Rxa7 h5 30. Ne3 Rxa4 31. Ng5 Rf4 32. Kg3 Bxe5 33. Nf3 Bb8 34. Ra8 Rb4+ 35. Kg2 Kd7 36. Rxa6 Bc7 37. Ng5 Rf4 38. f3 Rb8 39. Ne4 Rb2+ 40. Kg1 Rxf3 41. Nc4 Rb4 42. Nc5+ Ke7 43. Nd2 Rxh3 44. Ra7 Rxg4+ 45. Kf1 Rh1+ 46. Ke2 Rh2+ 47. Kd3 Rg3+ 48. Kc2 Rgg2 49. Ne4 Kd7 50. Nf6+ Kc6 51. Ne4 f5 52. Ra6+ Kb5 53. Ra7 fxe4 54. Rxc7 Rxd2+ 55. Kb3 Rb2+ 56. Ka3 Ra2+ 57. Kb3 Rhb2+ 58. Kc3 Rc2+ 59. Kb3 Rab2+ 60. Ka3 Rxc7 61. Kxb2 h4 62. Kb3 h3 63. Kb2 h2 64. Kb3 g5 65. Ka3 g4 66. Ka2 g3 67. Kb2 g2 68. Kb3 g1=Q 69. Ka2 Qc1 70. Kb3 Rc3+ 71. Ka2 Ra3# 0-1


[Site "https://www.chess.com"]

[Event "Titled Tuesday Blitz June 6 Early 2023"]
[White "Harutjunyan, Gevorg"]
[Black "Martic, Ivan"]
[WhiteFideId "13300873"]
[BlackFideId "929301"]
[WhiteElo "2474"]
[BlackElo "2346"]
[Result "1-0"]
[Round "5"]
[TimeControl "180+2"]
[Date "2023.06.06"]
[WhiteClock "0:00:20"]
[BlackClock "0:00:25"]
[Board "40"]

1. e4 c5 2. Nf3 e6 3. d4 cxd4 4. Nxd4 a6 5. Nc3 Qc7 6. Qf3 Nf6 7. Qg3 d6 8. Bg5 Nbd7 9. O-O-O b5 10. Bxb5 axb5 11. Ndxb5 Qb6 12. Nxd6+ Bxd6 13. Rxd6 Qc5 14. Be3 Qb4 15. Rd4 Qb7 16. Qxg7 Rg8 17. Qh6 Rxg2 18. Rhd1 Ra5 19. Qh3 Rg6 20. Qf1 Qa8 21. f4 Rxa2 22. Nxa2 Qxa2 23. Qc4 Qa1+ 24. Kd2 Rg2+ 25. Ke1 Qxb2 26. Qxc8+ Ke7 27. Rxd7+ Nxd7 28. Rxd7+ Kf6 29. Qh8+ Rg7 30. Bd4+ e5 31. Bxb2 1-0


[Site "https://www.chess.com"]

[Event "Titled Tuesday Blitz June 6 Early 2023"]
[White "Sourath Biswas"]
[Black "Gorovets, Andrey"]
[WhiteFideId "35091484"]
[BlackFideId "13504037"]
[WhiteElo "2171"]
[BlackElo "2459"]
[Result "1-0"]
[Round "5"]
[TimeControl "180+2"]
[Date "2023.06.06"]
[WhiteClock "0:00:12"]
[BlackClock "0:00:15"]
[Board "41"]

1. d4 e6 2. Nf3 f5 3. c4 Nf6 4. Nc3 Bb4 5. g3 O-O 6. Bg2 d6 7. O-O Bxc3 8. bxc3 Qe7 9. Ba3 c5 10. Nd2 e5 11. Rb1 e4 12. f3 e3 13. Nb3 b6 14. dxc5 dxc5 15. f4 Bb7 16. Bxb7 Qxb7 17. Nxc5 Qe7 18. Ne4 Qxe4 19. Bxf8 Kxf8 20. Rb5 Nbd7 21. Qd6+ Kf7 22. Re5 Nxe5 23. fxe5 Ne8 24. Qd7+ Kg6 25. Qe6+ Nf6 26. Qd6 Qxc4 27. exf6 gxf6 28. Qd7 Qe4 29. Rf4 Qb1+ 30. Rf1 Qc2 31. g4 Rg8 32. Qe6 Kg7 33. Rxf5 Rf8 34. g5 Qxe2 35. gxf6+ Kg6 36. f7+ 1-0


[Site "https://www.chess.com"]

[Event "Titled Tuesday Blitz June 6 Early 2023"]
[White "Harsh Suresh"]
[Black "Guerra Tulcan, Lenin"]
[WhiteFideId "45018464"]
[BlackFideId "3601382"]
[WhiteElo "2209"]
[BlackElo "2368"]
[Result "1-0"]
[Round "5"]
[TimeControl "180+2"]
[Date "2023.06.06"]
[WhiteClock "0:00:17"]
[BlackClock "0:00:34"]
[Board "42"]

1. e4 c5 2. Nc3 e6 3. f4 Nc6 4. Nf3 d5 5. Bb5 d4 6. Bxc6+ bxc6 7. Ne2 Nf6 8. d3 Be7 9. O-O O-O 10. Qe1 a5 11. a4 c4 12. Ne5 cxd3 13. cxd3 c5 14. b3 Ba6 15. Bd2 Bd6 16. Bxa5 Qb8 17. Nc4 Bxc4 18. bxc4 Ng4 19. Bd2 Qb3 20. Qg3 f5 21. e5 Be7 22. h3 Nh6 23. a5 Qc2 24. Rfd1 Rfb8 25. Kf2 Rb3 26. Be1 Rb2 27. Rd2 Qb3 28. Qf3 Ra7 29. Qc6 Kf7 30. Qb6 Qxb6 31. axb6 Rxd2 32. bxa7 1-0


[Site "https://www.chess.com"]

[Event "Titled Tuesday Blitz June 6 Early 2023"]
[White "Terletsky, Oleg"]
[Black "Molina, Roberto Junio Brito"]
[WhiteFideId "14116774"]
[BlackFideId "2109450"]
[WhiteElo "2126"]
[BlackElo "2376"]
[Result "0-1"]
[Round "5"]
[TimeControl "180+2"]
[Date "2023.06.06"]
[WhiteClock "0:00:02"]
[BlackClock "0:01:05"]
[Board "43"]

1. e4 c6 2. d4 d5 3. Nc3 dxe4 4. Nxe4 Nd7 5. Ng5 Ngf6 6. Bd3 e6 7. N1f3 Bd6 8. Qe2 h6 9. Ne4 Nxe4 10. Qxe4 Qc7 11. Qg4 g5 12. Qh3 Rg8 13. Nd2 Bf8 14. O-O b6 15. Ne4 Bb7 16. Qg3 Qxg3 17. hxg3 O-O-O 18. g4 Kc7 19. f4 Bg7 20. c3 c5 21. fxg5 hxg5 22. Rxf7 cxd4 23. Bxg5 Rdf8 24. Raf1 dxc3 25. Bf4+ e5 26. Bg3 cxb2 27. Ng5 Bd5 28. Rxf8 Rxf8 29. Rxf8 Bxf8 30. Nf3 Bd6 31. Nd2 Nc5 32. Bb1 e4 33. Bxd6+ Kxd6 34. Nc4+ Bxc4 0-1


[Site "https://www.chess.com"]

[Event "Titled Tuesday Blitz June 6 Early 2023"]
[White "Ilamparthi A R"]
[Black "Ronka, Erik"]
[WhiteFideId "45015775"]
[BlackFideId "505080"]
[WhiteElo "2348"]
[BlackElo "2264"]
[Result "1-0"]
[Round "5"]
[TimeControl "180+2"]
[Date "2023.06.06"]
[WhiteClock "0:01:00"]
[BlackClock "0:00:17"]
[Board "44"]

1. e4 c5 2. Nf3 d6 3. d3 Nc6 4. g3 g6 5. Bg2 Bg7 6. O-O Nf6 7. Re1 O-O 8. c3 Bg4 9. h3 Bxf3 10. Qxf3 Nd7 11. Qe2 Rb8 12. a4 a6 13. f4 Qc7 14. Be3 b5 15. axb5 axb5 16. Nd2 b4 17. Rac1 bxc3 18. bxc3 Rb2 19. d4 Rfb8 20. e5 Na5 21. Qd3 h6 22. e6 fxe6 23. Qxg6 Nf8 24. Qg4 Kh8 25. Nf3 Nc4 26. Bf2 Nd2 27. Nh4 Nb3 28. Rcd1 Rd2 29. Ng6+ Nxg6 30. Qxg6 Rxd1 31. Rxd1 cxd4 32. Be4 Kg8 33. Qxe6+ Kh8 34. Qg6 Kg8 35. Qh7+ Kf8 36. Bd5 1-0


[Site "https://www.chess.com"]

[Event "Titled Tuesday Blitz June 6 Early 2023"]
[White "feuervogel1000000"]
[Black "Sokolovsky, Yahli"]
[BlackFideId "2820242"]
[WhiteElo "2523"]
[BlackElo "2389"]
[Result "0-1"]
[Round "5"]
[TimeControl "180+2"]
[Date "2023.06.06"]
[WhiteClock "0:00:04"]
[BlackClock "0:00:07"]
[Board "45"]

1. e4 d6 2. d4 Nf6 3. Nc3 g6 4. Be2 Bg7 5. h4 h5 6. Bg5 c5 7. dxc5 Qa5 8. cxd6 Nxe4 9. dxe7 Nc6 10. Qd8+ Nxd8 11. exd8=Q+ Qxd8 12. Bxd8 Nxc3 13. Ba5 Nxe2 14. Nxe2 Bxb2 15. Rb1 Bg7 16. O-O O-O 17. Bc3 Re8 18. Bxg7 Rxe2 19. Bf6 Rxc2 20. Rfe1 Be6 21. Rxb7 Rxa2 22. Reb1 Rc2 23. Ra1 a5 24. Re7 Rcc8 25. Ra4 Bb3 26. Rae4 a4 27. Re3 Be6 28. Ra3 Bb3 29. Ra1 a3 30. Re3 Rcb8 31. Rb1 a2 32. Rbxb3 a1=Q+ 33. Bxa1 Rxa1+ 34. Kh2 Rxb3 35. Rxb3 Ra2 36. Kg3 Kg7 37. Kf3 Ra5 38. g3 Rf5+ 39. Kg2 Kf6 40. Rb6+ Kg7 41. Kf1 Ra5 42. Ke2 Ra3 43. Rd6 Ra2+ 44. Kf3 Rb2 45. Rc6 Rb5 46. Kf4 Rf5+ 47. Ke3 Re5+ 48. Kd3 Re8 49. f3 Re1 50. g4 hxg4 51. fxg4 Rh1 52. h5 gxh5 53. gxh5 Rxh5 54. Ke3 Rf5 55. Ke4 Rf1 56. Ke5 f6+ 57. Ke4 Kg6 58. Ke3 Kg5 59. Rc8 Ra1 60. Rg8+ Kf5 61. Kf2 Ra2+ 62. Kf1 Kf4 63. Rb8 f5 64. Rb3 Kg4 65. Rc3 Rb2 66. Rd3 Rc2 67. Re3 Rd2 68. Ra3 Rd4 69. Rb3 Rf4+ 70. Kg2 Re4 71. Rg3+ Kf4 72. Rf3+ Ke5 73. Kf2 Rf4 74. Ke3 Ra4 75. Kf2 Ra2+ 76. Ke3 f4+ 77. Kd3 Ra3+ 78. Ke2 Ra2+ 79. Kd3 Rg2 80. Rf1 Kf5 81. Re1 Ra2 82. Re2 Ra3+ 83. Kd2 Kg4 84. Ke1 Kf3 85. Rf2+ Kg3 86. Re2 Ra1+ 87. Kd2 Ra2+ 88. Ke1 Rxe2+ 89. Kxe2 Kg2 0-1


[Site "https://www.chess.com"]

[Event "Titled Tuesday Blitz June 6 Early 2023"]
[White "Fernandez Guillen, Ernesto J."]
[Black "Nemec, Jachym"]
[WhiteFideId "3512428"]
[BlackFideId "23716525"]
[WhiteElo "2434"]
[BlackElo "2347"]
[Result "1-0"]
[Round "5"]
[TimeControl "180+2"]
[Date "2023.06.06"]
[WhiteClock "0:00:40"]
[BlackClock "0:01:20"]
[Board "46"]

1. e4 c6 2. d4 d5 3. e5 c5 4. dxc5 e6 5. a3 Bxc5 6. Qg4 Ne7 7. b4 Bb6 8. Nf3 Ng6 9. Bd3 Nc6 10. Bb2 Qc7 11. Qg3 Nce7 12. Nc3 Bd7 13. h4 h5 14. Ne2 a5 15. O-O Rc8 16. Nf4 Nxf4 17. Qxf4 Nf5 18. Rad1 axb4 19. axb4 Qb8 20. Ng5 g6 21. c4 dxc4 22. Bxf5 gxf5 23. Nxf7 Bc6 24. Nd6+ Kf8 25. Qg5 Bd8 26. Qg6 Rc7 27. Qxe6 Rg7 28. Qxf5+ Kg8 29. g3 Bb6 30. Kh2 Rh6 31. e6 Rgg6 1-0


[Site "https://www.chess.com"]

[Event "Titled Tuesday Blitz June 6 Early 2023"]
[White "Andreev, Konstantin"]
[Black "Djordjevic, Vuk"]
[WhiteFideId "24239305"]
[BlackFideId "902098"]
[WhiteElo "2106"]
[BlackElo "2463"]
[Result "0-1"]
[Round "5"]
[TimeControl "180+2"]
[Date "2023.06.06"]
[WhiteClock "0:00:37"]
[BlackClock "0:00:18"]
[Board "47"]

1. e4 e6 2. d4 d5 3. Nc3 Bb4 4. e5 c5 5. a3 Bxc3+ 6. bxc3 Qa5 7. Bd2 Qa4 8. Nf3 b6 9. Bd3 Ba6 10. Qe2 Bxd3 11. cxd3 Ne7 12. O-O c4 13. dxc4 Qxc4 14. Qxc4 dxc4 15. Ng5 Nbc6 16. Ne4 O-O 17. Nd6 Na5 18. Rab1 Nd5 19. f4 a6 20. f5 b5 21. Rf3 Nb3 22. Be1 Rad8 23. Rb2 exf5 24. Rxf5 f6 25. Rbf2 fxe5 26. Rxf8+ Rxf8 27. Rxf8+ Kxf8 28. dxe5 Ke7 29. a4 bxa4 30. Nxc4 Nc7 31. Na3 Nb5 32. c4 Nxa3 33. Bb4+ Ke6 34. Bxa3 Kxe5 35. Bb2+ Ke4 36. Bxg7 a3 37. c5 a2 38. Bb2 Nxc5 39. Kf2 Nd3+ 0-1


[Site "https://www.chess.com"]

[Event "Titled Tuesday Blitz June 6 Early 2023"]
[White "Weetik, Vjacheslav"]
[Black "Lorenzo De La Riva, Lazaro"]
[WhiteFideId "4153472"]
[BlackFideId "2268809"]
[WhiteElo "2469"]
[BlackElo "2294"]
[Result "1-0"]
[Round "5"]
[TimeControl "180+2"]
[Date "2023.06.06"]
[WhiteClock "0:00:05"]
[BlackClock "0:00:08"]
[Board "48"]

1. d4 d5 2. c4 e6 3. Nc3 a6 4. cxd5 exd5 5. Bf4 Nf6 6. e3 Bd6 7. Bg5 c6 8. Bd3 Be6 9. Nf3 h6 10. Bh4 Nbd7 11. O-O O-O 12. Qc2 Qc7 13. Rab1 Rfe8 14. b4 b5 15. Bg3 Bxg3 16. hxg3 Nb6 17. a4 Nfd7 18. Rfc1 Bg4 19. axb5 Bxf3 20. bxc6 Qxc6 21. gxf3 Qf6 22. Kg2 Qg5 23. Qe2 a5 24. bxa5 Rxa5 25. Nb5 Qe7 26. Rc7 Rea8 27. Rbc1 Ra2 28. R1c2 Ra1 29. f4 Qe6 30. Qh5 Nc4 31. Nc3 Nf6 32. Qe2 Nd6 33. Nb5 Nde4 34. f3 Nd6 35. R7c6 Rh1 36. Kxh1 Qh3+ 37. Kg1 Ra1+ 38. Rc1 Qxg3+ 39. Qg2 Rxc1+ 40. Rxc1 Qh4 41. Nxd6 g5 42. Nf5 Qh5 43. Nxh6+ Qxh6 44. Qxg5+ Qxg5+ 45. fxg5 1-0


[Site "https://www.chess.com"]

[Event "Titled Tuesday Blitz June 6 Early 2023"]
[White "Redzisz, Michal"]
[Black "qx4z"]
[WhiteFideId "21816107"]
[WhiteElo "2175"]
[BlackElo "2749"]
[Result "0-1"]
[Round "5"]
[TimeControl "180+2"]
[Date "2023.06.06"]
[WhiteClock "0:02:21"]
[BlackClock "0:02:43"]
[Board "49"]

1. e4 e5 2. Nf3 Nc6 3. Bb5 a6 4. Bxc6 dxc6 5. h3 f6 6. d3 Be6 7. Nbd2 c5 8. Nc4 Qd7 9. a4 O-O-O 10. b3 Ne7 11. Ba3 Nc6 12. Qd2 g5 13. O-O-O h5 14. Qe3 g4 15. hxg4 Bxg4 16. Bxc5 Bh6 0-1


[Site "https://www.chess.com"]

[Event "Titled Tuesday Blitz June 6 Early 2023"]
[White "ArchibaldCerveza29"]
[Black "Danielyan, Vahe"]
[BlackFideId "13304828"]
[WhiteElo "2442"]
[BlackElo "2423"]
[Result "0-1"]
[Round "5"]
[TimeControl "180+2"]
[Date "2023.06.06"]
[WhiteClock "0:00:16"]
[BlackClock "0:00:32"]
[Board "50"]

1. e4 c5 2. c3 Nf6 3. e5 Nd5 4. d4 Nc6 5. Nf3 cxd4 6. cxd4 d6 7. Bc4 Nb6 8. Bb5 dxe5 9. Nxe5 Bd7 10. Nxd7 Qxd7 11. O-O e6 12. Nc3 a6 13. Bxc6 Qxc6 14. Re1 Be7 15. Bf4 Rd8 16. Qg4 O-O 17. Be5 g6 18. h4 Nc4 19. Rac1 Nxe5 20. dxe5 Qb6 21. h5 Qxb2 22. hxg6 hxg6 23. Qf3 b5 24. Ne2 Qxe5 25. Ng3 Qf6 26. Qb7 Bb4 27. Rf1 Qf4 28. Qxa6 Rd2 29. Rc8 Rxc8 30. Qxc8+ Kg7 31. Qc6 Qc4 32. Qxc4 bxc4 33. Rb1 c3 34. Ne4 c2 35. Nxd2 Bxd2 36. Ra1 c1=Q+ 37. Rxc1 Bxc1 38. a4 Bd2 39. Kf1 Ba5 40. Ke2 Kf6 41. Kd3 Kf5 42. Kc4 Bb6 43. f3 Kf4 44. Kb5 Be3 45. a5 Kg3 46. a6 Kxg2 47. Kc6 Kxf3 48. Kb7 g5 49. Ka8 g4 50. a7 Bxa7 51. Kb7 g3 52. Ka8 g2 53. Kb7 g1=Q 54. Ka8 Ke4 55. Kb7 Qb6+ 56. Ka8 Qb8# 0-1


[Site "https://www.chess.com"]